Map: Blackburn LE

Players

BriKc

  • Race: Terran Terran
  • League: Master
  • Spawn Location: 7:00

Pumba - Winner!

  • Race: Zerg Zerg
  • League: Master
  • Spawn Location: 5:00

VOD

Have the link to the VOD?

Description

Time

  • Played on: Sept. 7, 2021, 8:26 p.m.
  • Length: 8:11
Show
View Real Time Build Order
Export as new Build Order

BriKc Terran 

Build Orders: Cyclone Opening, Gas First Reaper Expand 

Get SALT Encoding   

  12  0:00  SCV  
  13  0:12  SCV  
  14  0:17  Supply Depot  
  14  0:25  SCV  
  15  0:29  Refinery  
  15  0:38  SCV  
  16  0:45  Barracks  
  16  0:51  SCV  
  17  1:03  SCV  
  18  1:15  SCV  
  19  1:34  Reaper  
  19  1:35  Orbital Command  
  20  1:44  Command Center  
  20  1:56  Factory  
  20  2:06  SCV  
  20  2:07  Refinery  
  21  2:11  Barracks Reactor  
  20  2:16  Barracks Tech Lab  
  20  2:18  SCV  
  20  2:22  Supply Depot  
  21  2:30  SCV  
  22  2:42  SCV  
  23  2:51  Cyclone  
  26  2:53  Barracks Reactor  
  26  2:54  SCV  
  26  3:06  SCV  
  26  3:10  Starport  
  27  3:18  SCV  
  28  3:30  SCV  
  28  3:31  Cyclone  
  32  3:35  Marine  
  33  3:43  SCV  
  33  3:44  Marine  
  35  3:55  Liberator, SCV  
  36  4:01  Supply Depot, Orbital Command  
  39  4:07  SCV  
  40  4:10  Marine x2  
  40  4:16  Barracks  
  42  4:19  SCV  
  42  4:20  Barracks  
  43  4:27  SCV  
  45  4:31  SCV  
  45  4:39  SCV  
  45  4:44  SCV  
  46  4:52  SCV  
  44  4:53  Marine x2  
  44  4:56  SCV  
  44  5:07  Starport Reactor  
  44  5:08  Barracks Tech Lab  
  44  5:10  SCV x2  
  44  5:14  Supply Depot, Marine x2  
  47  5:15  Factory Tech Lab  
  47  5:17  Marine  
  47  5:18  Stimpack  
  49  5:28  SCV  
  50  5:34  SCV  
  51  5:35  Marine x2  
  51  5:36  Marine x2  
  51  5:37  Combat Shield  
  51  5:39  Siege Tank  
  51  5:40  SCV  
  56  5:52  Command Center  
  56  5:53  SCV  
  56  5:55  Supply Depot, Medivac x2, Marine  
  62  6:02  Supply Depot  
  62  6:03  SCV, Marauder, Marine  
  66  6:04  Marauder  
  66  6:08  SCV  
  66  6:10  Refinery  
  69  6:13  Refinery, Marine  
  70  6:19  SCV  
  70  6:25  Marauder  
  73  6:26  Marauder  
  73  6:28  Medivac  
  73  6:29  SCV  
  73  6:31  Marine  
  73  6:32  Marine  
  79  6:36  SCV  
  79  6:37  Engineering Bay  
  79  6:39  Engineering Bay  
  80  6:41  SCV  
  80  6:46  Marauder, Marine  
  84  6:47  Barracks  
  84  6:49  SCV, Marine  
  86  6:58  Supply Depot  
  86  7:00  Concussive Shells  
  86  7:01  Supply Depot  
  86  7:03  SCV x2  
  86  7:05  Marine  
  86  7:06  Marauder  
  86  7:07  Marine  
  92  7:10  Missile Turret  
  92  7:13  Marine  
  81  7:23  Marine  
  81  7:25  Marauder  
  81  7:26  Marine  
  70  7:30  Marine  
Show
View Real Time Build Order
Export as new Build Order

Pumba Zerg - Winner!

Build Orders: Pool First 

Get SALT Encoding   

  12  0:00  Drone  
  13  0:12  Overlord  
  13  0:17  Drone  
  14  0:31  Drone x2  
  16  0:41  Spawning Pool  
  15  0:44  Drone  
  15  0:49  Drone  
  17  1:10  Hatchery  
  16  1:13  Drone  
  16  1:16  Extractor  
  16  1:18  Drone  
  17  1:29  Zergling x4  
  19  1:35  Roach Warren  
  18  1:44  Queen  
  20  1:51  Drone  
  21  1:58  Overlord  
  21  2:02  Drone  
  22  2:10  Spore Crawler  
  22  2:12  Drone  
  23  2:25  Roach x2  
  27  2:34  Roach x2  
  31  2:44  Roach  
  32  2:47  Queen, Roach  
  32  2:48  Overlord  
  33  2:59  Drone x2  
  33  3:05  Ravager  
  36  3:11  Ravager  
  36  3:14  Drone x3  
  36  3:16  Drone x2  
  41  3:25  Overlord  
  41  3:32  Drone  
  42  3:34  Drone  
  42  3:39  Drone  
  44  3:43  Drone  
  44  3:44  Extractor  
  44  3:51  Drone  
  44  3:52  Lair  
  44  3:54  Queen  
  47  4:03  Drone x2  
  47  4:04  Drone x2  
  51  4:15  Drone  
  51  4:16  Overlord  
  52  4:18  Overlord  
  52  4:24  Hatchery  
  47  4:46  Drone  
  47  4:52  Drone x8  
  54  5:02  Spire, Extractor  
  54  5:03  Drone x2, Extractor  
  54  5:04  Overseer  
  53  5:13  Drone  
  54  5:20  Drone x2  
  56  5:23  Spore Crawler  
  55  5:34  Spore Crawler  
  54  5:37  Drone x8  
  62  5:49  Drone x3  
  63  5:51  Glial Reconstitution  
  63  6:01  Overlord x3  
  63  6:02  Overlord x2  
  63  6:12  Queen  
  63  6:17  Mutalisk x4  
  73  6:23  Mutalisk x3  
  79  6:28  Mutalisk  
  81  6:36  Drone  
  81  6:39  Extractor x2  
  80  6:40  Queen  
  80  6:43  Roach x6  
  94  6:50  Overlord x2  
  94  6:51  Overlord  
  94  6:58  Roach x4  
  103  7:01  Ravager  
  103  7:04  Roach x2  
  103  7:07  Overlord  
  107  7:09  Ravager  
  107  7:14  Roach x3  
  114  7:19  Roach x3  
  120  7:24  Roach x2  
  120  7:27  Roach  
  116  7:34  Roach x4  
  117  7:43  Roach x2  
  117  7:44  Roach  
  123  7:49  Roach x4  
Tags
 
Add a new tag
Caveats
  • Supply blocks, unpowered buildings, or Contaminate may cause inaccurate times.
  • Supply counts are checked every 10 seconds.